 Dungeon Crawl Stone Soup version 0.29.1-12-g30fa7ad0bf (webtiles) character file.

Game seed: 14814182414941991147

95 wormed the Trooper (level 4, -5/29 HPs)
             Began as a Gargoyle Fighter on Dec 21, 2022.
             Slain by Sigmund
             ... wielding a +0 scythe
              (6 damage)
             ... on level 2 of the Dungeon.
             The game lasted 00:03:07 (1781 turns).

wormed the Trooper (Gargoyle Fighter)               Turns: 1781, Time: 00:03:08

Health: -5/29      AC: 13    Str: 22    XL:     4   Next: 65%
Magic:  4/4        EV:  7    Int:  8    God:
Gold:   79         SH:  0    Dex:  9    Spells: 3/3 levels left

rFire   . . .      SeeInvis .   a - +0 flail
rCold   . . .      Faith    .   c - +0 buckler
rNeg    + . .      Spirit   .   d - +0 chain mail
rPois   ∞          Reflect  .   (no helmet)
rElec   +          Harm     .   (no cloak)
rCorr   .          Rampage  .   (no gloves)
Will    .....                   (no boots)
Stlth   ..........              (no amulet)
HPRegen 0.09/turn               (no ring)
MPRegen 0.09/turn               (no ring)

@: confused, hasted, very quick
A: sickness immunity, AC +3, negative energy resistance 1, electricity
resistance, torment resistance 1, petrification resistance
a: no special abilities


You were on level 2 of the Dungeon.
You visited 1 branch of the dungeon, and saw 2 of its levels.

You collected 79 gold pieces.

Inventory:

Hand Weapons
 a - a +0 flail (weapon)
Armour
 b - a +0 scale mail
 c - a +0 buckler (worn)
 d - a +0 chain mail (worn)
Jewellery
 i - a ring of wizardry
Scrolls
 e - a scroll of identify
 g - a scroll of poison
 h - a scroll of immolation {unknown}
 k - 2 scrolls of teleportation {unknown}
Potions
 j - a potion of lignification


   Skills:
 + Level 3.9 Fighting
 * Level 3.3 Maces & Flails
 + Level 3.9 Armour
 + Level 3.9 Shields


You had 3 spell levels left.
You didn't know any spells.
Your spell library contained the following spells:

 Spells                   Type           Power      Damage    Failure   Level
 Frozen Ramparts          Ice            0%         1d1       100%        3
 Ice Form                 Ice/Tmut       0%         N/A       100%        4
 Summon Ice Beast         Ice/Summ       0%         N/A       100%        4


Dungeon Overview and Level Annotations

Branches:
Dungeon (2/15)

Altars:

Annotations:
D:2 Sigmund


Innate Abilities, Weirdness & Mutations

You are immune to sickness and miasma.
Your stone body is resilient. (AC +3)
You are immune to poison.
You resist negative energy. (rN+)
You are resistant to electric shocks. (rElec)
You are resistant to unholy torment.
You are immune to petrification.


Message History

You miss something.
You hear some strange, mumbled words.
You are confused.
Something hits you.
You bump into the rock wall.
Something hits you.
You bump into the rock wall.
You bump into the rock wall.
Something hits you but does no damage. Something hits you but does no damage.
You bump into the rock wall.
Something hits you but does no damage.
You feel less confused. Something hits you but does no damage.
You hit something. Something hits you but does no damage.
You closely miss something. You barely miss something. Something hits you.
You barely miss something. Something hits you but does no damage.
You closely miss something. Something hits you.
You barely miss something. Something hits you.
You barely miss something.
You hear some strange, mumbled words.
You are confused.
You bump into the rock wall.
Something hits you but does no damage.
You miss something. You barely miss something. Something hits you!
* * * LOW HITPOINT WARNING * * *
You bump into the rock wall.
Sigmund appears from thin air!
Reactivating autopickup.
Sigmund hits you but does no damage. Sigmund gestures at you while chanting.
You are more confused.
You hit Sigmund but do no damage.
Sigmund is moderately wounded.
Sigmund says, "Don't worry, I'll kill you fast."
Sigmund hits you with a +0 scythe!
* * * LOW HITPOINT WARNING * * *
It was a potion of haste.
You feel yourself speed up.
You bump into the rock wall.
Sigmund gestures at you while chanting.
The magic dart hits you but does no damage.
Sigmund hits you from afar with a +0 scythe.
You die...

##.##...##
#...#
#.###..#
#...# #.#
#..# #.###
#.# ..# #.#
#.# ... #.#
# ##.
#@###.#####
#####
#..........
.....
#@###......
..... #.#
##### ####
#.# ####
#.## .....
#..# #####
#..# ###..#
#....#
#....#


You could see Sigmund.

Vanquished Creatures
  Terence (D:2)
  2 adders (D:2)
  2 dart slugs
  5 bats
  An endoplasm (D:2)
  4 giant cockroaches
  4 goblins
  6 hobgoblins
  2 jackals (D:2)
  4 quokkas
  5 ball pythons
  A frilled lizard (D:2)
  3 kobolds (D:1)
  5 rats
45 creatures vanquished.

Notes
Turn   | Place    | Note
-------+----------+-------------------------------------------
     0 | D:1      | wormed the Gargoyle Fighter began the quest for the Orb.
     0 | D:1      | Reached XP level 1. HP: 14/14 MP: 1/1
   132 | D:1      | Reached XP level 2. HP: 19/19 MP: 2/2
   762 | D:1      | Reached XP level 3. HP: 23/23 MP: 3/3
   850 | D:2      | Noticed Terence
   867 | D:2      | Killed Terence
   941 | D:2      | Reached XP level 4. HP: 21/29 MP: 4/4
  1748 | D:2      | Noticed Sigmund
  1778 | D:2      | HP: 1/29 [Sigmund/+0 scythe (7)]
  1781 | D:2      | Slain by Sigmund

Illustrated notes

Levels and vault maps discovered:
D:1:      wander_arrival_peaceful_grave, layout_basic
D:2:      layout_loops_ring, grunt_ministairs_1, kennysheep_generic_room_7,
          uniq_terence, uniq_sigmund, uniq_natasha

Skill      XL: |  1  2  3 |
---------------+----------+-----
Maces & Flails | 3 |  3.3
Fighting       | |  3.9
Armour         | |  3.9
Shields        | |  3.9

Action                   |  1- 3 |  4- 6 || total
-------------------------+-------+-------++-------
Melee: Flail             |    80 |   112 ||   192
  Use: Scroll            |     4 |     1 ||     5
       Potion            |     3 |     1 ||     4
Armor: Scale mail        |    45 |       ||    45
       Chain mail        |    33 |   111 ||   144
Dodge: Dodged            |    53 |    70 ||   123
Block: Buckler           |    28 |    32 ||    60
